 Dungeon Crawl Stone Soup version 0.31-a0-459-gc8a9bf3d51 (webtiles) character file.

Game seed: 6759899277197816779

20 Ethylacetat the Insei (level 2, 0/1 (2) HPs)
             Began as a Vine Stalker Monk on Aug 3, 2023.
             Frozen to death by an endoplasm (1 damage)
             ... on level 1 of the Dungeon.
             The game lasted 00:01:31 (415 turns).

Ethylacetat the Insei (Vine Stalker Monk)            Turns: 415, Time: 00:01:32

HP:   0/1 (2)       AC: 27    Str: 13    XL:     2   Next: 79%
MP:   0/4           EV: 12    Int: 10    God:
Gold: 76            SH:  0    Dex: 16    Spells: 3/3 levels left

rFire   . . .        f - +1 dagger (drain)
rCold   . . .        c - orb {light}
rNeg    + . .        a - melded +0 robe
rPois   ∞            (no helmet)
rElec   +            (no cloak)
rCorr   .            (gloves currently unavailable)
SInv    .            (boots currently unavailable)
Will    .....        (no amulet)
Stlth   +            (no ring)
HPRegen 0.20/turn    (no ring)
MPRegen 0.09/turn

%: guardian spirit
@: statue-form, glowing, heavily drained, very slow
A: slow and powerful, torment resistance 1, reduced hp, fangs 2, magic shield,
antimagic bite, no potion heal 2
a: Begin Untransformation


You were on level 1 of the Dungeon.
You were a living statue of rough stone.
You visited 1 branch of the dungeon, and saw 1 of its levels.

You collected 76 gold pieces.

Inventory:

Hand Weapons
 f - a +1 dagger of draining (weapon)
Armour
 a - a +0 robe (melded)
 c - an orb of light (worn)
Talismans
 e - a beast talisman
 g - a dragon-blood talisman
 h - a granite talisman (active)
Scrolls
 d - 2 scrolls of teleportation {unknown}
Potions
 b - a potion of ambrosia


   Skills:
 + Level 3.0 Fighting
 - Level 2.4 Dodging
 - Level 3.0 Unarmed Combat
 + Level 1.1 Spellcasting
 * Level 1.0 Shapeshifting


You had 3 spell levels left.
You didn't know any spells.
Your spell library contained the following spells:

 Spells                   Type           Power      Damage    Failure   Level
 Inner Flame              Hex/Fire       0%         N/A       71%         3
 Yara's Violent Unravell  Hex/Tmut       0%         3d3       100%        5
 Enfeeble                 Hex            0%         N/A       100%        7


Dungeon Overview and Level Annotations

Branches:
Dungeon (1/15)

Altars:


Innate Abilities, Weirdness & Mutations

You are a living statue of rough stone.
Your actions are slow, but your melee attacks are powerful.
You are resistant to unholy torment.
Your maximum health is decreased, since you lack skill for your form.
Your equipment is partially melded.
You are immune to poison.
You have extremely sharp teeth.
When hurt, damage is shared between your health and your magic reserves.
Your bite disrupts and absorbs the magic of your enemies.
Potions cannot restore your health.


Message History

You completely miss the kobold.
Your tail-slap misses the kobold.
The kobold hits you but does no damage.
You bite the kobold!!
You kill the kobold!
No target in view!
No target in view!
Things that are here:
a +0 dagger; a kobold corpse
d - 2 scrolls labelled ECAQEE DAENEIF (gained 1)
Found a granite talisman.
No target in view!
No target in view!
No target in view!
Found 15 gold pieces.
You see here a granite talisman.
h - a granite talisman You begin transforming.
You continue transforming. x3
Your transformation has ended.
Your +1 dagger of draining unmelds from your body.
Your orb of light unmelds from your body.
Your +0 robe unmelds from your body.
You sense an unholy aura.
You turn into a living statue of rough stone.
Your +0 robe melds into your body.
You now have 76 gold pieces (gained 15).
A rat comes into view.
The rat bites you but does no damage. The rat closely misses you.
You hit the rat.
You kill the rat!
No target in view!
You pick up a book of Misfortune and begin reading...
You add the spells Inner Flame, Yara's Violent Unravelling and Enfeeble to your library.
An endoplasm comes into view.
The endoplasm quivers.
The endoplasm moves out of view.
A frilled lizard and a hobgoblin come into view.
The frilled lizard hisses angrily.
The hobgoblin shouts!
The endoplasm freezes you.
You are frozen.
Ouch! That really hurt!
You die... #####.# ...##.# gl..

##.##.# #..#
##.##.# #..#
##.# .# #...
##.# #..# #.#
#..# #.# #.J#
##.# #.8# #.#.#
...# #..######
#.#.# ####
#.......# #.#.#
..########
#..####.# #.#.#
#.........
.....# #.#
#.#.#
#.........
####..#
#.###.#.#
..######.#
#..####.##....#
### #.#
#.............#
#.#
#.#####.##...##


You could see an endoplasm, a hobgoblin and a frilled lizard.

Vanquished Creatures
  2 ball pythons (D:1)
  2 bats (D:1)
  An endoplasm (D:1)
  2 giant cockroaches (D:1)
  2 goblins (D:1)
  3 kobolds (D:1)
  A quokka (D:1)
  A frilled lizard (D:1)
  4 rats (D:1)
18 creatures vanquished.

Notes
Turn   | Place    | Note
-------+----------+-------------------------------------------
     0 | D:1      | Ethylacetat the Vine Stalker Monk began the quest for the
                  | Orb.
     0 | D:1      | Reached XP level 1. HP: 11/11 MP: 2/2
   134 | D:1      | Reached XP level 2. HP: 16/16 MP: 4/4
   267 | D:1      | Reached skill level 1 in Spellcasting
   307 | D:1      | Reached skill level 1 in Shapeshifting
   415 | D:1      | Frozen to death by an endoplasm

Illustrated notes

Levels and vault maps discovered:
D:1:      eino_arrival_druids_welcome, layout_loops_ring

Skill      XL: |  1  2 |
---------------+-------+-----
Fighting       | 3 |  3.0
Spellcasting   | 1 |  1.1
Shapeshifting  | 1 |  1.0
Dodging        | |  2.4
Unarmed Combat | |  3.0

Action                     || total
---------------------------++-------
  Melee: Unarmed           ||    30
         Bite              ||     7
         Dagger            ||     2
Ability: Breathe Fire      ||     1
 Armour: Skin              ||     7
         Robe              ||     2
  Dodge: Dodged            ||    14
   Form: Beast             ||     1
         Statue            ||     1
         Dragon            ||     1

Table legend: (Time is in decaauts)
 A = Elapsed time spent in this place.
 B = Non-inter-level travel time spent in this place.
 C = Inter-level travel time spent in this place.
 D = Time resting spent in this place.
 E = Time spent auto-exploring this place.
 F = Levels seen in this place.
 G = Mean time per level.
                   A        B        C        D        E       F      G
               +--------+--------+--------+--------+--------+-----+--------+
         Total |    430 |    430 |      0 |      0 |    311 |   1 |  430.0 |
       Dungeon |    430 |    430 |      0 |      0 |    311 |   1 |  430.0 |
               +--------+--------+--------+--------+--------+-----+--------+

Top non-repeatable levels by time:
     D:1: 430 daAuts
